Map: Lock & Load

Players

NamroodTuo

  • Race: Zerg Zerg

WidowMaker

  • Race: Zerg Zerg
  • League: Gold
  • Spawn Location: 6:00

VOD

Have the link to the VOD?

Description

Time

  • Played on: March 6, 2023, 11:59 a.m.
  • Length: 25:21
Show
View Real Time Build Order
Export as new Build Order

NamroodTuo Zerg 

Build Orders:  

Get SALT Encoding   

  12  0:03  Infested SCV  
  13  0:34  Infested Barracks, Infested SCV  
  14  0:44  Overlord  
  14  1:06  Infested SCV  
  15  1:11  Infested SCV  
  15  1:12  Infested SCV x2  
  18  1:33  Infested Refinery  
  18  1:36  Infested SCV, Infested Refinery  
  18  1:39  Infested SCV  
  20  1:53  Overlord  
  20  2:06  Infestation Level 1  
  20  2:23  Infested SCV  
  20  2:27  Infested SCV  
  22  2:38  Infested Engineering Bay  
  22  2:47  Infested Factory  
  22  2:52  Infested SCV  
  22  2:57  Infested SCV  
  24  3:13  Infested SCV  
  25  3:30  Infested SCV  
  25  3:38  Infested Barracks Tech Lab  
  26  3:47  Regenerative Plating  
  26  3:59  Overlord  
  26  4:02  Infested SCV  
  26  4:06  Anaerobic Enhancement  
  27  4:28  Infested Command Center  
  27  4:31  Infested SCV  
  27  4:35  Infested SCV  
  29  5:06  Infestation Level 2, Infested SCV  
  30  5:13  Overlord  
  30  5:22  Stukov Infantry Weapons Level 1  
  30  5:42  Infested Refinery  
  30  6:04  Infested Bunker  
  34  6:10  Infested SCV x2  
  36  6:24  Infested Armory  
  36  6:48  Infested Factory Tech Lab  
  36  6:58  Infested Factory  
  36  7:05  Infested SCV x4  
  36  7:06  Infested SCV  
  41  7:21  Infested SCV  
  42  7:40  Aggressive Incubation  
  42  7:51  Stukov Vehicle and Ship Weapons Level 1  
  42  8:02  Calcified Armor  
  46  8:24  Infested Bunker  
  45  8:50  Infestation Level 3  
  45  8:56  Infested Marine  
  45  8:57  Infested Marine x9  
  55  9:02  Stukov Infantry Armor Level 1  
  55  9:32  Infested SCV x4  
  55  9:33  Infested SCV  
  55  9:39  Overlord  
  60  9:40  Overlord x4  
  60  9:53  Infested SCV  
  60  9:58  Infested Refinery  
  61  10:07  Infested SCV  
  52  10:29  Infested Missile Turret  
  52  10:31  Stukov Vehicle and Ship Armor Level 1  
  52  10:34  Infested SCV  
  52  10:36  Infested SCV  
  54  10:43  Unknown, Infested Bunker  
  62  10:52  Infested Bunker  
  62  10:54  Infested SCV  
  63  11:02  Infested SCV x4  
  63  11:03  Infested SCV  
  68  11:18  Infested SCV  
  69  11:27  Infested Diamondback x2  
  69  11:28  Infested Diamondback  
  78  11:42  Stukov Infantry Weapons Level 2  
  78  11:44  Overlord x2  
  77  12:12  Infested Missile Turret  
  77  12:16  Infested Missile Turret  
  77  12:29  Infested SCV  
  78  12:30  Infested SCV x2  
  88  13:23  Infested Bunker  
  88  13:27  Infested Bunker  
  88  13:41  Infested Bunker  
  96  13:53  Infested Bunker  
  100  14:07  Infested Bunker  
  100  14:37  Infested Bunker  
  100  14:39  Infested SCV  
  99  14:50  Infested Marine x4  
  99  14:51  Infested Marine x6  
  99  14:52  Infested Diamondback x3  
  99  14:55  Overlord  
  99  14:56  Overlord x4  
  99  14:57  Overlord x3  
  117  15:06  Stukov Vehicle and Ship Armor Level 2  
  117  15:12  Stukov Infantry Armor Level 2  
  121  15:59  Infested Bunker  
  121  16:05  Infested Missile Turret  
  111  16:10  Infested SCV  
  111  16:11  Infested SCV x4  
  116  16:22  Infested Diamondback x2  
  122  16:30  Saturated Cultures  
  122  16:45  Infested Marine  
  122  16:46  Infested Marine x9  
  132  16:52  Infested SCV  
  133  17:04  Infested Barracks  
  133  17:17  Infested Barracks  
  133  17:34  Infested Marine  
  133  17:35  Infested Marine x9  
  135  17:54  Infested Marine x3  
  136  18:15  Stukov Vehicle and Ship Weapons Level 2  
  136  18:20  Infested Missile Turret  
  136  18:24  Infested Marine x6  
  136  18:25  Infested Marine x8  
  150  18:48  Infested Bunker  
  144  18:51  Infested Missile Turret  
  148  19:04  Infested Marine  
  148  19:05  Infested Marine x20  
  148  19:06  Infested Marine x2  
  168  19:12  Stukov Infantry Armor Level 3  
  168  19:18  Infested Bunker  
  168  19:23  Retinal Augmentation  
  168  19:28  Infested SCV  
  168  19:29  Infested SCV  
  170  19:33  Overlord x3  
  170  19:34  Overlord x3  
  119  19:40  Overseer x5  
  156  19:41  Overseer x2  
  152  20:09  Infested Missile Turret  
  152  20:10  Infested Diamondback  
  152  20:11  Infested Diamondback x3  
  149  21:11  Infested Bunker  
  149  21:16  Infested Missile Turret  
  149  21:19  Infested Bunker  
  149  21:25  Stukov Vehicle and Ship Armor Level 3  
  153  21:38  Infested Marine  
  153  21:39  Infested Marine x9  
  162  21:40  Infested Marine x20  
  162  21:43  Infested Bunker  
  150  23:27  Infested Diamondback  
  150  23:28  Infested Diamondback x5  
  163  23:58  Infested Bunker  
  163  24:09  Infested Marine x4  
  167  24:10  Infested Marine x20  
  167  24:11  Infested Marine x6  
  193  24:57  Infested Bunker  
Show
View Real Time Build Order
Export as new Build Order

WidowMaker Zerg 

Build Orders:  

Get SALT Encoding   

  12  0:03  Drone  
  13  0:18  Drone  
  14  0:24  Overlord  
  14  0:49  Spawning Pool  
  13  0:52  Drone  
  14  1:02  Drone  
  14  1:03  Drone  
  16  1:24  Queen  
  18  1:39  Zergling x6  
  21  1:48  Drone  
  22  1:55  Extractor  
  22  1:57  Extractor  
  20  2:04  Drone, Evolution Chamber  
  20  2:22  Drone  
  21  2:33  Drone  
  22  2:54  Overlord  
  22  3:02  Hatchery  
  22  3:08  Drone  
  22  3:21  Drone x2  
  22  3:26  Drone  
  22  3:29  Drone  
  26  3:41  Overlord  
  26  4:01  Drone x2  
  28  4:33  Hatchery  
  27  5:17  Drone  
  28  5:20  Drone  
  28  5:22  Drone  
  28  5:23  Drone x2  
  28  5:26  Queen  
  28  5:29  Overlord  
  34  5:33  Lair  
  34  5:37  Heroic Fortitude  
  34  5:47  Evolution Chamber  
  33  5:50  Drone  
  33  5:51  Evolution Chamber  
  33  5:53  Drone  
  34  6:05  Drone x2  
  34  6:09  Drone  
  37  6:28  Extractor  
  36  6:30  Extractor, Drone x2  
  36  6:31  Drone x2  
  39  6:41  Chain Reaction  
  39  6:56  Queen  
  41  7:14  Drone x2  
  41  7:15  Drone x4  
  41  7:16  Unknown  
  47  7:25  Zerg Missile Weapons Level 1  
  47  7:43  Hive  
  47  7:45  Ventral Sacs  
  47  7:50  Zerg Ground Armor Level 1  
  47  7:56  Metabolic Boost  
  47  8:13  Drone  
  47  8:14  Drone x2  
  47  8:17  Drone x3  
  53  8:21  Drone x2  
  53  8:22  Drone x3  
  55  9:26  Drone  
  55  9:27  Drone  
  57  9:43  Drone  
  57  9:47  Overlord x3  
  57  9:48  Overlord x3  
  57  9:49  Overlord x4  
  58  9:50  Overlord x5  
  58  9:51  Overlord x2  
  58  10:19  Ability Efficiency  
  58  10:22  Zerg Missile Weapons Level 2  
  58  10:41  Drone  
  58  10:42  Drone x2  
  58  10:44  Ultralisk Cavern  
  60  10:52  Drone x3  
  60  10:53  Drone  
  64  11:20  Hydralisk Den  
  64  11:25  Spire  
  64  11:27  Spire  
  61  11:33  Nydus Network  
  61  11:34  Nydus Network  
  61  11:36  Nydus Network  
  58  12:24  Zerg Ground Armor Level 2  
  58  12:25  Zerg Melee Weapons Level 1  
  58  12:45  Queen  
  58  12:47  Overlord x2  
  58  12:48  Overlord x3  
  60  12:51  Hatchery  
  60  12:54  Muscular Augments  
  59  13:26  Zergling x4  
  59  13:27  Zergling x10  
  59  13:28  Zergling x14  
  59  13:29  Zergling x14  
  80  13:54  Ancillary Carapace  
  64  15:15  Zerg Missile Weapons Level 3  
  64  15:17  Zerg Melee Weapons Level 2  
  64  15:20  Hardened Carapace  
  64  15:23  Chitinous Plating  
  64  15:24  Frenzy  
  64  15:49  Zergling x2  
  83  15:50  Zergling x6  
  83  15:51  Zergling x16  
  83  15:52  Zergling x18  
  83  15:53  Hydralisk x4, Zergling x16  
  83  15:54  Hydralisk x4, Zergling x16  
  83  15:55  Hydralisk  
  119  16:20  Adrenal Overload  
  119  16:27  Ultralisk  
  125  16:48  Zerg Ground Armor Level 3  
  124  17:20  Shredding Claws, Omega Worm  
  124  17:26  Omega Worm  
  124  17:29  Omega Worm  
  111  17:59  Drone x2  
  104  18:02  Queen  
  106  18:43  Zerg Melee Weapons Level 3  
  106  19:07  Ultralisk  
  106  19:09  Hydralisk  
  140  19:10  Hydralisk x5, Zergling x4  
  140  19:11  Hydralisk x4, Zergling x14  
  140  19:12  Hydralisk, Zergling x16  
  140  19:13  Zergling x16  
  140  19:14  Hydralisk, Zergling x16  
  140  19:15  Hydralisk x2  
  146  20:40  Ultralisk  
  146  20:41  Ultralisk x2  
  146  20:44  Zergling x6  
  146  20:45  Zergling x10  
  146  20:46  Zergling x10  
  146  20:47  Zergling x8  
  146  20:48  Zergling x8  
  146  20:49  Hydralisk x2  
  189  20:56  Omega Worm  
  189  21:01  Omega Worm  
  189  21:04  Omega Worm  
  176  23:10  Omega Worm  
  176  23:12  Omega Worm  
  176  23:14  Omega Worm  
  175  23:38  Zergling x6  
  175  23:39  Zergling x4  
  199  23:40  Zergling x2  
  199  23:43  Hydralisk  
  199  23:44  Hydralisk x5  
  199  23:45  Hydralisk x4  
Tags
 
League
Gold
Matchup
Co-op
Replay Pack
Multiplayer
Add a new tag
Caveats
  • Supply blocks, unpowered buildings, or Contaminate may cause inaccurate times.
  • Supply counts are checked every 10 seconds.